Map: Deathaura LE

Players

Leo (LeoRusher)

  • Race: Protoss Protoss
  • League: Grandmaster
  • Spawn Location: 5:00

piglet - Winner!

  • Race: Terran Terran
  • League: Master
  • Spawn Location: 11:00

Event: DreamHack SC2 Masters 2020 Winter

VOD

Have the link to the VOD?

Description

Time

  • Played on: Oct. 16, 2020, 3:51 a.m.
  • Length: 14:45

All games in this series

Show
View Real Time Build Order
Export as new Build Order

Leo Protoss 

Build Orders: 1 Gate Expand, Blink Stalkers 

Get SALT Encoding   

  12  0:00  Probe  
  13  0:12  Probe  
  14  0:17  Pylon  
  14  0:24  Probe  
  15  0:35  Gateway  
  15  0:37  Probe (Chrono Boost)  
  16  0:46  Assimilator, Probe (Chrono Boost)  
  17  0:51  Probe (Chrono Boost)  
  18  1:03  Probe  
  19  1:15  Probe  
  20  1:24  Cybernetics Core  
  20  1:33  Nexus  
  20  1:42  Pylon  
  20  1:44  Probe  
  21  1:48  Assimilator  
  21  1:57  Probe  
  21  1:58  Adept (Chrono Boost)  
  22  2:02  Warp Gate  
  24  2:09  Probe  
  25  2:19  Stalker (Chrono Boost)  
  25  2:21  Probe  
  28  2:33  Probe  
  28  2:35  Twilight Council  
  29  2:42  Stalker  
  31  2:46  Probe (Chrono Boost)  
  31  2:50  Probe (Chrono Boost)  
  33  2:56  Probe (Chrono Boost)  
  35  2:59  Probe (Chrono Boost)  
  35  3:02  Probe  
  35  3:05  Robotics Facility  
  36  3:18  Probe x2  
  36  3:20  Gateway  
  36  3:22  Gateway  
  36  3:23  Blink (Chrono Boost)  
  36  3:33  Probe x2  
  38  3:40  Gateway  
  38  3:45  Probe x2  
  38  3:47  Pylon  
  40  3:52  Observer  
  41  3:57  Stalker, Probe x2  
  45  4:09  Probe x2  
  46  4:10  Warp Prism (Chrono Boost), Pylon  
  48  4:19  Stalker  
  48  4:21  Stalker  
  48  4:23  Probe  
  53  4:26  Assimilator, Probe  
  54  4:35  Stalker, Probe  
  54  4:36  Observer  
  54  4:37  Stalker  
  59  4:45  Pylon  
  59  4:46  Observer  
  60  4:56  Pylon  
  59  5:05  Stalker x2  
  59  5:06  Stalker  
  63  5:07  Probe  
  63  5:08  Probe  
  63  5:11  Stalker  
  67  5:14  Pylon  
  55  5:36  Stalker x3  
  55  5:37  Stalker  
  63  5:46  Nexus  
  63  5:47  Pylon  
  63  6:01  Stalker x4  
  62  6:25  Probe x2  
  62  6:29  Stalker x4  
  62  6:30  Gateway  
  62  6:31  Gateway  
  71  6:37  Probe  
  68  6:52  Stalker x4  
  76  6:56  Forge  
  76  6:57  Probe x2  
  76  7:00  Probe  
  77  7:18  Stalker x3  
  77  7:19  Stalker  
  69  7:30  Probe x2  
  69  7:34  Stalker x2  
  75  7:42  Stalker x2  
  77  7:51  Stalker  
  77  7:52  Stalker  
  79  8:04  Stalker x2  
  81  8:05  Zealot x2  
  79  8:16  Zealot x2  
  69  8:31  Stalker x3  
  69  8:32  Stalker  
  69  8:36  Stalker  
  69  8:37  Zealot  
  69  8:38  Probe x2  
  74  8:41  Charge (Chrono Boost)  
  75  8:45  Pylon  
  75  8:46  Probe  
  76  8:49  Zealot x2  
  76  8:50  Probe  
  76  8:51  Probe  
  76  8:53  Protoss Ground Weapons Level 1 (Chrono Boost)  
  76  8:55  Warp Prism (Chrono Boost)  
  80  8:59  Zealot x2  
  80  9:00  Zealot x2  
  86  9:12  Zealot x2  
  90  9:24  Zealot x3  
  90  9:25  Zealot  
  90  9:26  Assimilator  
  90  9:27  Pylon  
  98  9:42  Zealot  
  98  9:43  Zealot  
  98  9:44  Zealot  
  98  9:45  Zealot x2  
  85  9:54  Probe x3  
  83  10:04  Zealot x2  
  83  10:06  Probe  
  84  10:12  Zealot  
  79  10:15  Probe x2  
  79  10:18  Stalker, Probe  
  78  10:21  Immortal (Chrono Boost)  
  78  10:23  Pylon  
  78  10:24  Pylon  
  78  10:27  Probe (Chrono Boost)  
  84  10:30  Probe (Chrono Boost)  
  84  10:34  Probe (Chrono Boost)  
  85  10:39  Probe (Chrono Boost)  
  87  10:44  Probe (Chrono Boost)  
  87  10:47  Zealot x5  
  87  10:49  Sentry  
  71  11:04  Observer  
  71  11:06  Probe x2  
  71  11:07  Templar Archives  
  71  11:08  Protoss Ground Armor Level 1 (Chrono Boost), Probe, Immortal (Chrono Boost)  
  78  11:14  Observer  
  78  11:18  Psionic Storm  
  78  11:28  Zealot, Probe x3  
  78  11:29  Zealot x4  
  78  11:31  Sentry  
  93  11:41  Photon Cannon, Shield Battery  
  93  11:50  Zealot  
  93  11:51  High Templar  
  97  11:55  Zealot x2  
  97  11:57  High Templar  
  103  12:01  Zealot  
  103  12:07  Probe x3  
  108  12:10  Pylon  
  108  12:11  High Templar  
  108  12:12  Assimilator  
  110  12:17  Zealot  
  110  12:18  Zealot  
  114  12:24  Gateway  
  114  12:25  High Templar  
  114  12:28  Zealot  
  114  12:29  Zealot  
  120  12:34  Forge  
  120  12:35  Probe  
  120  12:36  Probe  
  122  12:37  Probe  
  122  12:41  Zealot  
  122  12:43  Zealot  
  127  12:49  Zealot x2  
  131  12:58  Zealot x2  
  133  13:04  Zealot x2  
  139  13:08  Pylon  
  139  13:12  High Templar  
  141  13:18  Pylon  
  114  13:30  Archon  
  114  13:31  Archon  
  94  13:40  Zealot x5  
  92  13:44  Probe  
  70  13:56  Zealot  
  70  14:08  Zealot  
Show
View Real Time Build Order
Export as new Build Order

piglet Terran - Winner!

Build Orders: Gas First Reaper Expand 

Get SALT Encoding   

  12  0:00  SCV  
  13  0:12  SCV  
  14  0:17  Supply Depot  
  14  0:25  SCV  
  15  0:29  Refinery  
  15  0:38  SCV  
  16  0:44  Barracks  
  16  0:50  SCV  
  17  1:03  SCV  
  18  1:15  SCV  
  19  1:32  Orbital Command, Reaper  
  20  1:50  Command Center  
  20  1:55  Factory  
  20  1:59  SCV  
  21  2:07  Barracks Reactor  
  21  2:11  SCV  
  21  2:13  Refinery  
  22  2:17  Supply Depot  
  22  2:23  SCV  
  23  2:38  SCV  
  23  2:40  Widow Mine  
  26  2:44  Marine x2  
  26  2:46  Starport  
  26  2:50  SCV  
  29  3:02  Marine x2  
  31  3:15  SCV  
  31  3:22  Factory Tech Lab  
  31  3:23  Starport Tech Lab  
  31  3:34  SCV  
  31  3:35  Orbital Command  
  31  3:37  Marine x2  
  34  3:43  Cyclone  
  34  3:47  SCV  
  38  3:50  Raven  
  38  3:54  Supply Depot  
  40  3:59  SCV  
  40  4:01  SCV  
  41  4:10  Command Center  
  41  4:11  SCV  
  41  4:13  SCV  
  43  4:17  Bunker  
  43  4:18  Siege Tank  
  47  4:24  SCV  
  47  4:25  SCV  
  47  4:26  Marine x2  
  47  4:30  Supply Depot  
  50  4:36  SCV  
  50  4:37  SCV  
  52  4:48  SCV  
  52  4:49  SCV  
  52  4:51  Siege Tank  
  52  4:52  Supply Depot, Refinery  
  57  4:58  Stimpack  
  57  5:00  SCV  
  57  5:03  SCV, Barracks  
  57  5:06  Marine  
  60  5:09  Starport Tech Lab  
  60  5:11  Barracks  
  60  5:12  SCV  
  61  5:15  Supply Depot, SCV  
  57  5:24  Marine, SCV  
  57  5:27  SCV  
  57  5:34  Siege Tank  
  60  5:36  SCV  
  60  5:39  SCV  
  60  5:42  Marine, Starport Reactor  
  63  5:45  Bunker  
  63  5:46  Orbital Command  
  63  5:49  SCV  
  64  5:51  Refinery  
  64  5:54  Bunker  
  64  6:00  Marine x3  
  67  6:07  Engineering Bay x2  
  67  6:08  Siege Tank  
  67  6:11  SCV  
  70  6:16  SCV  
  70  6:18  Marine  
  59  6:34  Supply Depot  
  59  6:35  Terran Infantry Armor Level 1, Terran Infantry Weapons Level 1  
  59  6:36  Marine, SCV x2  
  59  6:38  SCV  
  62  6:40  Siege Tank  
  58  6:48  SCV x2  
  58  6:52  SCV  
  58  6:53  Combat Shield  
  60  6:57  Concussive Shells  
  59  7:01  Marine  
  59  7:02  Marine x2, Marauder  
  64  7:12  Siege Tank  
  60  7:19  Marine x2  
  60  7:20  Marine  
  58  7:23  Marine  
  58  7:24  SCV  
  58  7:27  SCV x2  
  54  7:30  Medivac x2  
  54  7:36  SCV  
  59  7:37  Marine x2  
  59  7:38  Marine  
  59  7:39  SCV  
  59  7:41  Marine  
  65  7:44  Siege Tank  
  65  7:46  SCV  
  65  7:54  SCV x2  
  65  7:55  Marine x3  
  64  7:59  Marine  
  64  8:00  SCV  
  59  8:06  SCV  
  52  8:13  Marine x3, SCV  
  52  8:16  Siege Tank  
  52  8:17  Marine  
  59  8:20  SCV  
  52  8:27  SCV  
  52  8:29  SCV  
  52  8:31  Marine x3  
  52  8:33  SCV, Medivac x2  
  60  8:39  SCV, Barracks  
  62  8:41  SCV  
  62  8:44  Marauder  
  62  8:45  SCV  
  65  8:48  Marine x2  
  65  8:49  Marine  
  65  8:51  Barracks  
  65  8:52  SCV  
  65  8:53  SCV  
  68  8:57  SCV  
  72  9:02  Siege Tank  
  72  9:04  SCV  
  72  9:05  Marine  
  72  9:06  Marine x2  
  72  9:07  Marine  
  72  9:09  Armory  
  77  9:11  SCV  
  77  9:12  Supply Depot  
  78  9:17  Supply Depot  
  78  9:22  Marine  
  79  9:26  Marine x2  
  81  9:32  Marine x2  
  81  9:36  SCV x2  
  81  9:37  Supply Depot  
  81  9:38  Marine  
  83  9:40  SCV, Marine  
  83  9:43  Marine x2  
  77  9:48  Siege Tank, Medivac  
  77  9:49  SCV  
  77  9:50  Marine x2  
  85  9:56  Marine  
  85  9:58  Marine  
  87  10:01  Marine, Orbital Command  
  87  10:02  Marine  
  89  10:08  Marine x2  
  89  10:13  Marine  
  85  10:15  Medivac  
  85  10:16  Marine  
  85  10:18  Medivac, SCV  
  85  10:19  Marine  
  82  10:22  Siege Tank  
  82  10:25  Terran Infantry Weapons Level 2  
  82  10:27  SCV x2  
  87  10:28  Marine x2  
  87  10:29  Marine, Refinery  
  87  10:31  Marine  
  87  10:33  Bunker  
  87  10:35  Supply Depot  
  91  10:42  Marine x2  
  93  10:43  Missile Turret  
  93  10:46  Marine x2, Missile Turret  
  95  10:53  Terran Infantry Armor Level 2  
  95  10:57  Missile Turret, Marine, Supply Depot  
  95  11:00  Marine  
  95  11:01  Marine, SCV  
  92  11:10  SCV  
  92  11:11  Barracks Tech Lab x2  
  94  11:13  SCV  
  94  11:16  Medivac x2  
  94  11:18  Marine  
  99  11:19  Marauder  
  99  11:22  SCV  
  99  11:25  Marine, Factory Reactor  
  102  11:29  Marauder  
  104  11:35  Marine  
  104  11:36  Supply Depot, Refinery  
  105  11:41  Marauder x3  
  105  11:43  Marine  
  105  11:47  Supply Depot  
  112  11:50  Marauder  
  112  11:51  Medivac x2  
  112  11:53  Marine  
  119  11:56  Supply Depot  
  119  12:02  Marauder  
  121  12:08  Marine  
  121  12:09  Marauder x2  
  121  12:11  Marine, Marauder  
  129  12:18  Command Center  
  129  12:23  Marauder  
  129  12:24  Widow Mine x2  
  129  12:26  Marine  
  129  12:29  Marine  
  137  12:30  Marauder  
  137  12:33  Medivac x2  
  143  12:37  Supply Depot  
  143  12:38  Supply Depot  
  143  12:40  Ghost Academy  
  143  12:41  Missile Turret, Sensor Tower  
  143  12:44  Marine  
  143  12:45  Marauder  
  146  12:55  Marauder  
  148  13:05  Marine  
  149  13:06  Marauder x3  
  154  13:20  Marine, Marauder  
  151  13:27  Marauder  
  151  13:30  Marine, Marauder  
  151  13:31  Marauder  
  127  13:37  Marine  
  127  13:39  Medivac  
  127  13:40  Medivac  
  121  13:41  Marauder  
  121  13:47  Ghost  
  101  14:14  Ghost  
Tags
 
Add a new tag
Caveats
  • Supply blocks, unpowered buildings, or Contaminate may cause inaccurate times.
  • Supply counts are checked every 10 seconds.